 Dungeon Crawl Stone Soup version 0.32-a0-747-gc8563f6773 (webtiles) character file.

Game seed: 9421359830938053416

154 croobank the Changeling (level 5, -5/35 HPs)
             Began as an Octopode Shapeshifter on Mar 17, 2024.
             Slain by a phantom (8 damage)
             ... on level 4 of the Dungeon.
             The game lasted 00:07:13 (2265 turns).

croobank the Changeling (Octopode Shapeshifter)     Turns: 2265, Time: 00:07:13

Health: -5/35      AC:  1    Str: 12 (14) XL:     5   Next: 36%
Magic:  5/5        EV: 12    Int: 14      God:
Gold:   109        SH:  0    Dex:  9 (11) Spells: 4/4 levels left

rFire   . . .        h - +4 short sword
rCold   . . .        (no shield)
rNeg    . . .        (helmet currently unavailable)
rPois   .            (no amulet)
rElec   .            (no ring)
rCorr   .            (no ring)
SInv    .            (no ring)
Will    .....        (no ring)
Stlth   ++           (no ring)
HPRegen 0.25/turn    (no ring)
MPRegen 0.09/turn    (no ring)
                     (no ring)

%: no passive effects
@: beast-form
A: beast (slay +2), almost no armour, amphibious, 8 rings, camouflage 1,
gelatinous body 1, (nimble swimmer 1), tentacles
a: Begin Untransformation


You were on level 4 of the Dungeon.
You were a hulking beast.
You visited 1 branch of the dungeon, and saw 4 of its levels.

You collected 109 gold pieces.

Inventory:

Hand Weapons
 d - a +0 dagger
 f - a +0 war axe
 h - a +4 short sword (weapon)
Missiles
 o - 4 boomerangs (quivered)
 p - 6 poisoned darts
Talismans
 b - a beast talisman (active)
 c - a flux talisman
Scrolls
 i - a scroll of teleportation
 r - a scroll of revelation {unknown}
Potions
 e - 2 potions of enlightenment
 j - 2 potions of attraction
 n - a potion of magic {unknown}
 q - a potion of ambrosia {unknown}
 s - a potion of heal wounds {unknown}
 t - 2 potions of brilliance {unknown}


   Skills:
 + Level 2.5 Fighting
 + Level 1.9 Short Blades
 + Level 3.1 Dodging
 - Level 3.1 Unarmed Combat
 + Level 3.7 Shapeshifting


You had 4 spell levels left.
You didn't know any spells.
Your spell library was empty.

Dungeon Overview and Level Annotations

Branches:
Dungeon (4/15)             Temple (0/1) D:4

Altars:

Shops:
D:1 (


Innate Abilities, Weirdness & Mutations

You are a hulking beast.
Your limbs bulge with bestial killing power. (Slay +2)
You cannot wear most types of armour.
You are amphibious.
You can wear up to eight rings at the same time.
Your skin changes colour to match your surroundings (Stealth+).
Your rubbery body absorbs attacks. (AC +1, EV +1)
((You are camouflaged when in or above water. (Stealth+)))
You have tentacles for arms and can constrict up to eight enemies at once.


Message History

The endoplasm quivers.
You puncture the phantom! Your squeeze misses the phantom.
The phantom is heavily damaged.
You hit the phantom. Your squeeze misses the phantom.
The phantom is severely damaged.
The phantom closely misses you. The endoplasm freezes you.
You are frozen.
You closely miss the phantom.
The phantom is severely damaged.
The phantom barely misses you.
You closely miss the phantom. Your squeeze misses the phantom.
The phantom is severely damaged.
The endoplasm freezes you.
You are frozen.
The phantom hits you!
The phantom blinks!
You blink.
You closely miss the phantom. Your squeeze misses the phantom.
The phantom is severely damaged.
The phantom hits you.
The phantom blinks!
You blink.
Floosh!
You fall into the deep water.
Found a thin glowing staff and 12 gold pieces.
You hit the phantom. Your squeeze misses the phantom.
The phantom is almost destroyed.
The phantom barely misses you.
You completely miss the phantom.
The phantom is almost destroyed.
The phantom barely misses you.
You closely miss the phantom.
The phantom is almost destroyed.
The phantom hits you!
* * * LOW HITPOINT WARNING * * *
The phantom blinks!
You blink.
You closely miss the phantom.
The phantom is almost destroyed.
The phantom hits you.
* * * LOW HITPOINT WARNING * * *
You barely miss the phantom. Your squeeze misses the phantom.
The phantom is almost destroyed.
The phantom hits you!
You die...

...†)..............§.<....
..###....#########.#...###
.# #.#.## #.......... #
#.### #......≈≈≈≈ #.#
#....≈≈≈≈≈≈ #.†.#
#..≈≈≈≈≈≈≈≈ #.....#
#J≈≈≈≈≈≈≈≈≈ #.....#
#.W≈≈≈≈≈... #.....#
#h≈§≈≈≈≈.>. ##.....
#.≈≈≈≈≈≈... ###.#..
#...≈≈≈≈≈≈≈≈ .###.
#......≈≈≈≈≈≈
..........≈≈≈≈ .
#####....|.$... #
#####.###.# . .. .# #


You could see a phantom and an endoplasm.

Vanquished Creatures
  An ogre (D:4)
  A gnoll (D:4)
  2 dart slugs (D:1)
  2 ribbon worms
  An orc (D:4)
  6 ball pythons
  9 endoplasms
  2 giant cockroaches (D:2)
  2 goblins
  4 hobgoblins
  A quokka (D:1)
  A bat (D:1)
  3 frilled lizards
  8 kobolds
  6 rats
49 creatures vanquished.

Notes
Turn   | Place    | Note
-------+----------+-------------------------------------------
     0 | D:1      | croobank the Octopode Shapeshifter began the quest for the
                  | Orb.
     0 | D:1      | Reached XP level 1. HP: 13/13 MP: 1/1
   107 | D:1      | Found Zitiss Cistry's Antique Weapon Emporium.
   157 | D:1      | Reached XP level 2. HP: 13/18 MP: 2/2
   724 | D:2      | Reached XP level 3. HP: 23/23 MP: 3/3
  1051 | D:2      | Found a faded altar of an unknown god.
  1608 | D:3      | Reached skill level 1 in Short Blades
  1654 | D:4      | Reached XP level 4. HP: 9/29 MP: 4/4
  2033 | D:4      | Noticed an ogre
  2049 | D:4      | Killed an ogre
  2050 | D:4      | Reached XP level 5. HP: 35/35 MP: 5/5
  2250 | D:4      | Noticed a phantom
  2255 | D:4      | Found a staircase to the Ecumenical Temple.
  2265 | D:4      | Slain by a phantom

Illustrated notes

Levels and vault maps discovered:
D:1:      dpeg_arrival_more_subterranean_lakeside_camping, layout_loops_ring,
          serial_shops, shop_statue, serial_forest, infiniplex_forest_lined_2,
          infiniplex_forest_clump_medium, infiniplex_forest_clump_double,
          infiniplex_forest_lined_2, infiniplex_forest_lined_3,
          infiniplex_forest_clump_double
D:2:      layout_loops_ring, basic_ecumenical_altar, kennysheep_minor_cross,
          roderic_lattice_a
D:3:      layout_basic, nicolae_qazlal_style_of_elements, uniq_sigmund
D:4:      layout_loops_corners, okawaru_trees_1, temple_pool_b,
          minmay_a_box_with_orc_wizards_in_it

Skill      XL: |  1  2  3  4 |
---------------+-------------+-----
Short Blades   | 1 |  1.9
Fighting       | 2 |  2.5
Dodging        | 3 |  3.1
Unarmed Combat | |  3.1
Shapeshifting  | |  3.7

Action                     |  1- 3 |  4- 6 || total
---------------------------+-------+-------++-------
  Melee: Unarmed           |    13 |       ||    13
         Tentacles         |    12 |     3 ||    15
         Constrict         |    19 |     2 ||    21
         Short sword       |    54 |    26 ||    80
  Throw: Dart              |       |     3 ||     3
         Boomerang         |       |     1 ||     1
    Use: Scroll            |     2 |     3 ||     5
         Potion            |       |     4 ||     4
   Stab: Sleeping          |     6 |     1 ||     7
 Armour: Skin              |    29 |    14 ||    43
  Dodge: Dodged            |    28 |     9 ||    37

Table legend: (Time is in decaauts)
 A = Elapsed time spent in this place.
 B = Non-inter-level travel time spent in this place.
 C = Inter-level travel time spent in this place.
 D = Time resting spent in this place.
 E = Time spent auto-exploring this place.
 F = Levels seen in this place.
 G = Mean time per level.
                   A        B        C        D        E       F      G
               +--------+--------+--------+--------+--------+-----+--------+
         Total |   2270 |   2228 |     42 |    466 |   1145 |   4 |  567.5 |
       Dungeon |   2270 |   2228 |     42 |    466 |   1145 |   4 |  567.5 |
               +--------+--------+--------+--------+--------+-----+--------+

Top non-repeatable levels by time:
     D:2: 747 daAuts
     D:1: 697 daAuts
     D:4: 621 daAuts
     D:3: 203 daAuts
